 Dungeon Crawl Stone Soup version 0.30.1-11-g7821555f0a (webtiles) character file.

Game seed: 3947410107891520591

190682 Eitelfritz the Executioner (level 18, -12/171 HPs)
             Began as a Hill Orc Fighter on Jan 13, 2024.
             Was the Champion of Beogh.
             Mangled by Donald
             ... wielding a +0 broad axe
              (17 damage)
             ... while petrified by a catoblepas
             ... on level 3 of the Shoals.
             The game lasted 01:39:05 (35880 turns).

Eitelfritz the Executioner (Hill Orc Fighter)      Turns: 35880, Time: 01:39:05

Health: -12/171    AC: 27    Str: 28    XL:     18   Next: 17%
Magic:  24/24      EV:  2    Int: 10    God:    Beogh [******]
Gold:   914        SH:  0    Dex: 14    Spells: 17/17 levels left

rFire   + . .        a - +9 broad axe (freeze)
rCold   + . .        E - +2 tower shield
rNeg    + + +        m - +4 storm dragon scales
rPois   ∞            x - +0 helmet
rElec   +            w - scarf {rC+ rF+}
rCorr   .            C - +1 pair of gloves {Str+3}
SInv    +            X - +0 pair of boots
Will    +....        N - amulet of reflection Stlth
                     W - ring of Ifoises {rElec rPois Dex+4 SInv}
HPRegen 0.48/turn    P - ring of flight
MPRegen 0.19/turn

%: reflection
@: lethally poisoned (-12 -> -12), petrified, engulfed, flying, mesmerised,
studying Stealth
A: walk on water
}: 1/15 runes: serpentine
a: Renounce Religion, Smiting, Recall Orcish Followers, Give Item to Named
Follower, Resurrection


You were on level 3 of the Shoals.
You worshipped Beogh.
Beogh was exalted by your worship.
You visited 6 branches of the dungeon, and saw 29 of its levels.
You also visited: Trove and Sewer.

You collected 2947 gold pieces.
You spent 2033 gold pieces at shops.

Inventory:

Hand Weapons
 a - a +9 broad axe of freezing (weapon)
 b - a +0 hand crossbow
 U - the +3 broad axe "Cathoam" {freeze, rC+++ rCorr Str-5 Dex-3}
   (You found it in a treasure trove)

   Str:       It affects your strength (-5).
   Dex:       It affects your dexterity (-3).
   rC:        It renders you almost immune to cold.
   rCorr:     It protects you from acid and corrosion.
Missiles
 n - 10 curare-tipped darts (quivered)
 M - 3 throwing nets
 Y - 4 javelins
Armour
 c - the +5 ring mail "Pakelant" {rPois rN+ rCorr Slay+2}
   (You found it on level 6 of the Dungeon)

   Slay:      It affects your accuracy & damage with ranged weapons and melee
   (+2).
   rPois:     It protects you from poison.
   rN:        It protects you from negative energy.
   rCorr:     It protects you from acid and corrosion.
 m - +4 storm dragon scales (worn)
 w - a scarf of resistance (worn)
 x - a +0 helmet (worn)
 C - a +1 pair of gloves of strength (worn)
 E - a +2 tower shield (worn)
 X - a +0 pair of boots (worn)
Jewellery
 I - a ring of willpower
 N - an amulet of reflection (around neck)
 P - a ring of flight (right hand)
 Q - a ring of willpower
 T - a ring of protection from fire
 W - the ring of Ifoises (left hand) {rElec rPois Dex+4 SInv}
   (You found it on level 4 of the Snake Pit)

   [ring of poison resistance]

   Dex:       It affects your dexterity (+4).
   rElec:     It insulates you from electricity.
   rPois:     It protects you from poison.
   SInv:      It lets you see invisible.
Wands
 s - a wand of polymorph (14)
 u - a wand of roots (47)
 z - a wand of mindburst (3)
 F - a wand of flame (33)
 J - a wand of charming (15)
 K - a wand of acid (13)
Scrolls
 g - 17 scrolls of teleportation
 l - 3 scrolls of fog
 o - 2 scrolls of silence
 q - a scroll of blinking
 t - 3 scrolls of fear
 y - a scroll of identify
 D - 4 scrolls of amnesia
 G - a scroll of butterflies
 L - 6 scrolls of poison
 O - 4 scrolls of enchant weapon
 V - 6 scrolls of magic mapping
Potions
 d - 7 potions of lignification
 e - 3 potions of resistance
 f - 9 potions of brilliance
 h - 5 potions of heal wounds
 i - a potion of berserk rage
 j - 3 potions of magic
 k - 13 potions of curing
 p - 7 potions of flight
 r - a potion of cancellation
 v - 5 potions of haste
 A - 2 potions of invisibility
 R - 4 potions of might
 Z - 5 potions of ambrosia
Miscellaneous
 H - a phantom mirror


   Skills:
 + Level 17.8 Fighting
 + Level 22.7 Axes
 + Level 15.9 Armour
 + Level 5.6 Dodging
 + Level 5.8 Stealth
 + Level 15.9 Shields
 - Level 9.0 Invocations


You had 17 spell levels left.
You didn't know any spells.
Your spell library contained the following spells:

 Spells                   Type           Power      Damage    Failure   Level
 Beastly Appendage        Tmut           0%         N/A       95%         1
 Freeze                   Ice            0%         1d3       95%         1
 Magic Dart               Conj           0%         1d3       95%         1
 Call Imp                 Summ           0%         N/A       98%         2
 Cigotuvi's Dreadful Rot  Necr/Pois/Air  0%         N/A       98%         2
 Ensorcelled Hibernation  Hex/Ice        0%         N/A       98%         2
 Passwall                 Tmut/Erth      0%         N/A       98%         2
 Searing Ray              Conj           0%         2d4       98%         2
 Static Discharge         Conj/Air       0%         2-2/arc   98%         2
 Wereblood                Tmut           0%         N/A       98%         2
 Frozen Ramparts          Ice            0%         1d1       100%        3
 Hailstorm                Conj/Ice       0%         3d3       100%        3
 Inner Flame              Hex/Fire       0%         N/A       100%        3
 Mephitic Cloud           Conj/Pois/Air  0%         N/A       100%        3
 Spider Form              Tmut/Pois      0%         N/A       100%        3
 Swiftness                Air            0%         N/A       100%        3
 Airstrike                Air            0%         2d(0-16)  100%        4
 Anguish                  Hex/Necr       0%         N/A       100%        4
 Animate Dead             Necr           0%         N/A       100%        4
 Cause Fear               Hex            0%         N/A       100%        4
 Dispel Undead            Necr           0%         3d6       100%        4
 Fulminant Prism          Conj/Hex       0%         3d5       100%        4
 Ice Form                 Ice/Tmut       0%         N/A       100%        4
 Leda's Liquefaction      Hex/Erth       0%         N/A       100%        4
 Summon Lightning Spire   Summ/Air       0%         N/A       100%        4
 Lee's Rapid Deconstruct  Erth           0%         3d4*      100%        5
 Yara's Violent Unravell  Hex/Tmut       0%         3d3       100%        5
 Death Channel            Necr           0%         N/A       100%        6
 Simulacrum               Ice/Necr       0%         N/A       100%        6
 Statue Form              Tmut/Erth      0%         N/A       100%        6
 Enfeeble                 Hex            0%         N/A       100%        7
 Haunt                    Necr/Summ      0%         N/A       100%        7
 Infestation              Necr           0%         N/A       100%        8


Dungeon Overview and Level Annotations

Branches:
Dungeon (14/15)            Temple (1/1) D:4            Lair (5/5) D:11
 Shoals (3/4) Lair:3        Snake (4/4) Lair:2        Slime (0/5) Lair:4
    Orc (2/2) D:9             Elf (0/3) Orc:2        Vaults (0/5) D:13
  Sewer (visited)

Altars:
Ashenzari
Cheibriados
Dithmenos
Elyvilon
Fedhas
Gozag
Hepliaklqana
Kikubaaqudgha
Makhleb
Nemelex Xobeh
Okawaru
Qazlal
Ru
Sif Muna
Trog
Uskayaw
Vehumet
Wu Jian
Xom
Yredelemnul
Zin
The Shining One
Beogh
Jiyva
Lugonu

Shops:
D:9 =!(=   D:14 (   Orc:2 *:*?(   Snake:3 :

Portals:
Abyss: Lair:5

Annotations:
Shoals:3 Aizul, Donald


Message History

Donald hits you with a +0 broad axe!
* * * LOW HITPOINT WARNING * * *
The merfolk impaler hits you but does no damage.
The death yak is engulfed in calcifying dust.
The death yak is moving more slowly.
The catoblepas gores your orc warrior! The water elemental hits you.
Your orc warrior splashes around in the water.
The merfolk hits you from afar with a +0 trident.
* * * LOW HITPOINT WARNING * * *
The merfolk completely misses you.
The snapping turtle bites you from afar.
* * * LOW HITPOINT WARNING * * *
Donald hits you with a +0 broad axe!
* * * LOW HITPOINT WARNING * * *
The merfolk impaler hits you but does no damage.
The merfolk siren chants its luring song.
The water elemental hits you.
* * * LOW HITPOINT WARNING * * *
The merfolk siren chants its luring song.
The catoblepas breathes a plume of calcifying dust at you.
The blast of calcifying dust hits your orc warrior!
The blast of calcifying dust hits you but does no damage.
The merfolk impaler hits you but does no damage.
Donald hits you but does no damage.
The merfolk hits you from afar with a +0 trident!
* * * LOW HITPOINT WARNING * * *
The merfolk completely misses you.
Your orc warrior splashes around in the water.
The water elemental hits you.
The snapping turtle bites you from afar.
* * * LOW HITPOINT WARNING * * *
You are engulfed in calcifying dust.
The death yak is no longer petrified.
The merfolk siren chants its luring song.
The water elemental hits you!
* * * LOW HITPOINT WARNING * * *
The merfolk impaler hits you but does no damage.
The merfolk siren hits you from afar with a +0 spear!
* * * LOW HITPOINT WARNING * * *
Donald hits you with a +0 broad axe!!
You die...

≈≈≈≈~≈≈≈~~~~~~~
≈≈≈≈≈≈≈≈≈≈≈≈~~~
≈≈≈≈~≈≈≈≈≈≈≈≈≈≈≈
≈≈≈~P~P~≈≈≈≈≈≈≈≈≈
~~.~..~~~mm~≈≈≈
##.#.~~..~mtmm.
#..#.≈~~.~EE@#
#..≈≈≈~~~oS@#
#!P.≈≈≈~Yo§.#
#PP~..Y§YYm)#
..~~~†...†.## >~
~~~~..~†.$.# ...
~~~≈≈~.≈~..# ...~
.~~~≈≈~~..##
###....
#.~~≈≈≈≈~)#
##......~
#.~≈≈≈≈≈≈~###
#......~~


You could see Aizul (petrified), Donald (fast, strong, reflecting), a merfolk
impaler, 3 death yaks, a catoblepas (ally target), a snapping turtle, 2 merfolk,
2 water elementals, 2 merfolk sirens, a water nymph and 2 friendly orc warriors.

Vanquished Creatures
  Jorgrun (D:14)
  Polyphemus (Shoals:3)
  An azure jelly (shapeshifter) (D:13)
  Ilsuiw (Shoals:3)
  3 nagarajas
  Nessos (Lair:4)
  An ettin (Orc:2)
  Snorg (D:14)
  3 merfolk impalers (Shoals:2)
  3 salamander tyrants
  3 hydras
  2 catoblepae
  Erolcha (D:13)
  6 anacondas
  9 two-headed ogres
  3 boulder beetles
  3 centaur warriors (D:14)
  An alligator snapping turtle (Shoals:2)
  2 merfolk aquamancers
  2 death yaks (Lair:5)
  2 satyrs
  6 naga warriors
  12 shock serpents
  6 naga sharpshooters
  10 skysharks
  A fire crab (shapeshifter) (D:13)
  4 salamander mystics (Snake:4)
  4 sea snakes
  7 naga ritualists
  A wizard (D:14)
  4 lindwurms
  10 mana vipers
  12 harpies
  A deep elf pyromancer (D:13)
  5 manticores
  2 orc sorcerers
  6 cyclopes
  13 ugly things
  13 salamanders
  2 oklob plants (Lair:4)
  7 fauns
  6 merfolk sirens
  6 elephants (Lair:2)
  5 guardian serpents
  The ghost of Tizio the Slasher, a novice MiFi (D:5)
  25 black mambas
  11 naga magi
  17 cane toads
  A smoke demon (Lair:5)
  2 water nymphs
  The ghost of Anaz the Sneak, a novice DgAE (D:6)
  An unseen horror (shapeshifter) (D:13)
  A torpor snail (Lair:2)
  An unseen horror (D:10)
  2 rime drakes
  8 komodo dragons
  Maggie (D:7)
  2 tengu conjurers (D:10)
  An ancient zyme (Lair:5)
  3 trolls
  Prince Ribbit (D:9)
  A meliai (shapeshifter) (D:13)
  17 merfolk
  3 wind drakes
  3 hornets
  15 blink frogs
  A large abomination (Lair:5)
  7 snapping turtles
  2 saltlings (Orc:2)
  A centaur simulacrum (D:12)
  6 water elementals
  Sigmund (D:3)
  A spriggan (shapeshifter) (Lair:5)
  4 wraiths
  8 wyverns
  11 basilisks
  37 yaks
  A hog (Lair:5)
  2 vampire mosquitoes (D:13)
  A warg (Orc:2)
  2 steam dragons
  A warg (shapeshifter) (D:13)
  22 nagas
  An acid dragon (D:12)
  A floating eye (Orc:1)
  12 water moccasins
  Duvessa (D:6)
  2 black bears
  3 ice beasts
  A hornet zombie (D:6)
  A sky beast (D:7)
  6 orc warriors
  8 centaurs
  6 ogres
  4 wolves (Lair:1)
  3 phantoms
  3 kobold brigands
  A gnoll sergeant (D:8)
  A water moccasin zombie (D:6)
  9 bullfrogs
  8 scorpions
  A wyvern skeleton (D:6)
  2 water moccasin skeletons (D:6)
  7 wights (D:9)
  Dowan (D:6)
  6 small abominations (Lair:5)
  24 killer bees
  An electric eel (Snake:2)
  3 bullfrog zombies (D:6)
  4 jellies
  4 quasits (D:5)
  3 centaur zombies (D:6)
  3 orc priests
  5 gnoll boudas
  2 hounds
  2 bullfrog skeletons (D:6)
  A sleepcap (D:8)
  3 iguanas
  12 orc wizards
  3 killer bee zombies (D:6)
  2 howler monkey zombies (D:6)
  9 adders
  17 gnolls
  3 howler monkey skeletons (D:6)
  2 river rats (Sewer)
  3 shadow imps
  3 white imps
  An ufetubus (D:6)
  4 worms
  4 dart slugs
  24 orcs
  6 bats
  18 endoplasms
  11 giant cockroaches
  7 hobgoblins
  10 jackals
  16 kobolds
  4 quokkas
  11 ball pythons
  5 frilled lizards
  5 goblins
  7 rats
749 creatures vanquished.

Vanquished Creatures (collateral kills)
  Kirke (Lair:5)
  A nagaraja (Snake:4)
  An ettin (Orc:2)
  An entropy weaver (shapeshifter) (Lair:5)
  2 ogre magi (Orc:1)
  2 hydras
  4 death yaks (Lair:5)
  4 naga warriors
  5 anacondas
  4 orc knights
  A two-headed ogre (D:9)
  Urug (D:11)
  9 naga sharpshooters
  4 shock serpents
  3 thrashing horrors (Lair:5)
  3 salamander mystics (Snake:4)
  A sea snake (shapeshifter) (Lair:5)
  4 naga ritualists
  A lindwurm (Snake:4)
  2 oklob plants
  5 mana vipers
  An orc sorcerer (Orc:2)
  10 salamanders
  3 naga magi
  13 black mambas
  4 guardian serpents
  A cane toad (Lair:4)
  Psyche (D:11)
  A kobold demonologist (D:11)
  A polar bear (Lair:5)
  2 hornets (Orc:1)
  A blink frog (shapeshifter) (Lair:5)
  6 saltlings (Orc:2)
  7 blink frogs
  A spriggan (Lair:5)
  6 yaks
  3 basilisks (Lair:5)
  A chaos spawn (Lair:5)
  6 small abominations (Lair:5)
  7 nagas
  A floating eye (Orc:1)
  4 water moccasins
  3 orc warriors
  3 ogres
  A kobold brigand (D:11)
  2 bullfrogs
  2 electric eels (Snake:2)
  6 orc priests
  7 orc wizards
  4 gnolls (D:9)
  12 orcs
  3 kobolds (D:11)
182 creatures vanquished.

Vanquished Creatures (others)
  An orc warlord (Snake:4)
  An orc high priest (Snake:4)
  A naga sharpshooter (Snake:2)
  An orc knight (D:11)
  A harpy (Shoals:3)
  An orc sorcerer (Snake:4)
  2 manticores
  7 orc warriors
  5 orc wizards
  8 orc priests
  A hound (D:4)
  An iguana (D:6)
  2 adders
  3 gnolls (D:6)
  34 orcs
  An endoplasm (D:4)
  A goblin (D:4)
  A hobgoblin (D:4)
72 creatures vanquished.

Grand Total: 1003 creatures vanquished

Notes
Turn   | Place    | Note
-------+----------+-------------------------------------------
     0 | D:1      | Eitelfritz the Hill Orc Fighter began the quest for the
                  | Orb.
     0 | D:1      | Reached XP level 1. HP: 19/19 MP: 1/1
   213 | D:1      | Reached XP level 2. HP: 27/27 MP: 2/2
   469 | D:1      | Reached skill level 3 in Axes
   469 | D:1      | Reached XP level 3. HP: 31/33 MP: 3/3
   901 | D:2      | Found a faded altar of an unknown god.
  1128 | D:2      | Reached XP level 4. HP: 39/40 MP: 4/4
  1538 | D:2      | Reached skill level 1 in Dodging
  1903 | D:3      | Noticed Sigmund
  1960 | D:3      | Reached skill level 4 in Axes
  1980 | D:3      | Killed Sigmund
  1981 | D:3      | Reached skill level 5 in Axes
  1981 | D:3      | Reached XP level 5. HP: 17/47 MP: 5/5
  1981 | D:3      | Reached XP level 6. HP: 19/53 MP: 6/6
  2806 | D:4      | Identified the +1 hand axe of Liuriki {drain, rC- rN+
                  | Int+7}
  3034 | D:4      | Reached skill level 6 in Axes
  3034 | D:4      | Reached skill level 5 in Armour
  3076 | D:4      | Became a worshipper of Beogh the Brigand
  3094 | D:4      | Reached XP level 7. HP: 31/60 MP: 7/7
  3218 | D:4      | Identified the +1 robe of Fal Dej {Drain rElec rC+ rN+}
  3411 | D:4      | Found a staircase to the Ecumenical Temple.
  3503 | Temple   | Entered the Ecumenical Temple
  3693 | D:5      | Entered Level 5 of the Dungeon
  3766 | D:5      | Found a stormy altar of Qazlal.
  3874 | D:5      | Found a shimmering altar of Xom.
  3885 | D:5      | Found a shimmering blue altar of Sif Muna.
  3889 | D:5      | Found a radiant altar of Vehumet.
  3907 | D:5      | Found a glowing drain.
  3931 | Sewer    | Entered a sewer
  3991 | Sewer    | Reached * piety under Beogh
  4079 | Sewer    | Reached skill level 7 in Axes
  4090 | Sewer    | Found a viscous altar of Jiyva.
  4343 | Sewer    | Reached skill level 5 in Fighting
  4439 | D:5      | Found a glowing golden altar of the Shining One.
  4651 | D:5      | Reached skill level 8 in Axes
  4651 | D:5      | Reached XP level 8. HP: 66/68 MP: 8/8
  5035 | D:5      | Found a transporter.
  5036 | D:5      | Noticed Tizio's ghost (novice MiFi)
  5060 | D:5      | Found a transporter.
  5238 | D:5      | Reached skill level 9 in Axes
  5450 | D:6      | Reached skill level 1 in Invocations
  5562 | D:6      | Reached XP level 9. HP: 23/75 MP: 9/11
  5566 | D:6      | Identified the +5 ring mail "Pakelant" {rPois rN+ rCorr
                  | Slay+2}
  5771 | D:6      | Reached skill level 10 in Axes
  5782 | D:6      | Found a large runed translucent door.
  5782 | D:6      | Found a large runed translucent door.
  5786 | D:6      | Noticed Anaz's ghost (novice DgAE)
  5814 | D:6      | Noticed Dowan
  5815 | D:6      | Noticed Duvessa
  5824 | D:6      | Reached skill level 5 in Shields
  5827 | D:6      | Killed Dowan
  5827 | D:6      | Reached ** piety under Beogh
  5838 | D:6      | Killed Duvessa
  6286 | D:6      | Reached skill level 11 in Axes
  6536 | D:6      | Found a white marble altar of Elyvilon.
  7044 | D:5      | Reached skill level 5 in Invocations
  7055 | D:5      | Killed Tizio's ghost
  7187 | D:7      | Reached skill level 12 in Axes
  7187 | D:7      | Reached XP level 10. HP: 79/84 MP: 14/14
  7747 | D:7      | Noticed Maggie
  7773 | D:7      | Killed Maggie
  8053 | D:7      | Reached *** piety under Beogh
  8261 | D:6      | Killed Anaz's ghost
  8387 | D:8      | Noticed a two-headed ogre
  8410 | D:8      | Killed a two-headed ogre
  8411 | D:8      | Reached skill level 13 in Axes
  8415 | D:8      | HP: 3/88 [killer bee (4)]
  9600 | D:8      | Paralysed by a hornet for 1 turns
  9884 | D:9      | Found Minere's Jewellery Boutique.
 10019 | D:9      | Bought an amulet of reflection for 420 gold pieces
 10046 | D:9      | Found Etoinidy's Jewellery Shoppe.
 10066 | D:9      | Reached XP level 11. HP: 75/94 MP: 15/15
 10258 | D:9      | Noticed a two-headed ogre
 10268 | D:9      | Killed a two-headed ogre
 10268 | D:9      | Reached **** piety under Beogh
 10272 | D:9      | Reached skill level 14 in Axes
 10344 | D:9      | Found Dehapnasae's Antique Weapon Shoppe.
 10407 | D:9      | Noticed Prince Ribbit
 10418 | D:9      | Killed Prince Ribbit
 10814 | D:9      | Found Wapeo's Distillery.
 10822 | D:9      | Bought a potion of degeneration for 16 gold pieces
 10920 | D:9      | Found a staircase to the Orcish Mines.
 11054 | D:9      | Gained Koronagh as an ally
 11279 | D:10     | Entered Level 10 of the Dungeon
 11283 | D:10     | Gained Bogmar as an ally
 11296 | D:10     | Found a portal to a secret trove of treasure.
 11379 | D:10     | Reached skill level 1 in Stealth
 11443 | D:10     | Noticed a two-headed ogre
 11451 | D:10     | Killed a two-headed ogre
 11684 | Trove    | Entered a treasure trove
 11693 | Trove    | Identified the +3 broad axe "Cathoam" {freeze, rC+++ rCorr
                  | Str-5 Dex-3}
 11706 | Trove    | Identified the +8 war axe of Foblomoe {pain, Int+3}
 11707 | Trove    | Identified the +7 broad axe "Ihemm" {vamp, rC+ Stlth+}
 11713 | Trove    | Identified the +5 broad axe of the Eleven Xalams {venom,
                  | Drain Will+ rCorr Dex+3}
 12190 | D:11     | Noticed Urug
 12196 | D:11     | Killed Urug
 12312 | D:11     | Noticed Psyche
 12321 | D:11     | Killed Psyche
 12325 | D:11     | Reached skill level 15 in Axes
 12514 | D:11     | Noticed a red ugly thing
 12524 | D:11     | Killed a red ugly thing
 12542 | D:11     | Your ally Bogmar died
 12764 | D:11     | Found a staircase to the Lair.
 12821 | D:11     | Reached XP level 12. HP: 82/105 MP: 16/16
 13285 | D:11     | Reached skill level 10 in Armour
 13753 | D:12     | Reached skill level 10 in Fighting
 14140 | D:12     | Reached skill level 16 in Axes
 14828 | D:12     | Noticed a boulder beetle
 14842 | D:12     | Killed a boulder beetle
 15120 | D:13     | Noticed a boulder beetle
 15129 | D:13     | Killed a boulder beetle
 15361 | D:13     | Noticed a two-headed ogre
 15361 | D:13     | Noticed a two-headed ogre
 15367 | D:13     | Killed a two-headed ogre
 15367 | D:13     | Killed a two-headed ogre
 15429 | D:13     | Noticed Erolcha
 15436 | D:13     | Killed Erolcha
 15437 | D:13     | Reached skill level 17 in Axes
 15568 | D:13     | a torpor snail changed into a two-headed ogre
 15568 | D:13     | Noticed a two-headed ogre (glowing shapeshifter)
 15569 | D:13     | a two-headed ogre changed into a shining eye
 15574 | D:13     | Reached XP level 13. HP: 97/116 MP: 17/17
 15579 | D:13     | a skyshark changed into a great orb of eyes
 15579 | D:13     | Noticed a great orb of eyes (glowing shapeshifter)
 15580 | D:13     | a great orb of eyes changed into a yellow draconian
 15580 | D:13     | Noticed a yellow draconian (glowing shapeshifter)
 15585 | D:13     | a yellow draconian changed into an azure jelly
 15585 | D:13     | Noticed an azure jelly (glowing shapeshifter)
 15589 | D:13     | Killed an azure jelly
 15643 | D:13     | Found a gate to the Vaults.
 16281 | D:14     | Noticed Jorgrun
 16294 | D:14     | Killed Jorgrun
 16632 | D:14     | Reached skill level 18 in Axes
 16813 | D:14     | Found a broken altar of Ashenzari.
 16850 | D:14     | Noticed Snorg
 16865 | D:14     | Reached skill level 10 in Shields
 16867 | D:14     | Killed Snorg
 17327 | D:14     | Found Xeergh's Weapon Emporium.
 17739 | Lair:1   | Entered Level 1 of the Lair of Beasts
 17771 | Lair:1   | Found a radiant altar of Vehumet.
 17928 | Lair:1   | Identified the +4 ring mail "Laebbeju" {Str+2}
 18082 | Lair:1   | Reached XP level 14. HP: 127/127 MP: 18/18
 18635 | Lair:2   | Reached skill level 19 in Axes
 19826 | Lair:3   | Found a staircase to the Shoals.
 20138 | Lair:3   | Reached ***** piety under Beogh
 20818 | Lair:4   | Found a viscous altar of Jiyva.
 20831 | Lair:4   | Noticed Nessos
 20835 | Lair:4   | Killed Nessos
 20967 | Lair:4   | Gained Bogfrid as an ally
 21311 | Lair:4   | Found a staircase to the Slime Pits.
 21432 | Lair:5   | Entered Level 5 of the Lair of Beasts
 21439 | Lair:5   | Reached XP level 15. HP: 129/138 MP: 21/21
 21448 | Lair:5   | Noticed Kirke
 21458 | Lair:5   | Killed Kirke
 21507 | Lair:5   | Reached skill level 5 in Dodging
 21582 | Lair:5   | Reached skill level 20 in Axes
 21838 | Lair:5   | Your ally Bogfrid died
 21905 | Lair:5   | Reached ****** piety under Beogh
 21905 | Lair:5   | Gained Borgoth as an ally
 22384 | Lair:5   | Found a corrupted altar of Lugonu.
 22384 | Lair:5   | Found a one-way gate to the infinite horrors of the Abyss.
 23250 | Orc:1    | Entered Level 1 of the Orcish Mines
 23711 | Orc:1    | Paralysed by a floating eye for 2 turns
 23975 | Orc:2    | Entered Level 2 of the Orcish Mines
 24032 | Orc:2    | Found a staircase to the Elven Halls.
 24276 | Orc:2    | Found Hihogon's Antique Weapon Shop.
 24276 | Orc:2    | Noticed an orc warlord
 24294 | Orc:2    | Reached skill level 15 in Fighting
 24295 | Orc:2    | Found a roughly hewn altar of Beogh.
 24297 | Orc:2    | Found Dumpuc's Magic Scroll Shop.
 24647 | Orc:2    | Found Rats's Book Shoppe.
 24780 | Orc:2    | Gained Brandogh as an ally
 24934 | Orc:2    | Found Goxzuxt's CLEARANCE SALE!.
 25130 | Orc:2    | Found Feish's Assorted Antiques.
 25169 | Orc:2    | Bought a pair of glowing gloves for 232 gold pieces
 25365 | Lair:2   | Found a staircase to the Snake Pit.
 25917 | Snake:1  | Entered Level 1 of the Snake Pit
 26238 | Snake:1  | Gained Zartorak as an ally
 26433 | Snake:1  | Your ally Zartorak died
 26451 | Snake:1  | Reached XP level 16. HP: 32/149 MP: 22/22
 27088 | Snake:1  | Gained Borgoth as an ally
 28021 | Snake:2  | Identified the +7 arbalest "Tiediv" {flame, Will- Str+4}
 28060 | Snake:2  | Reached skill level 21 in Axes
 28799 | Snake:2  | Noticed a nagaraja
 28807 | Snake:2  | Killed a nagaraja
 29243 | Snake:2  | Noticed a nagaraja
 29249 | Snake:2  | Killed a nagaraja
 30062 | Snake:3  | Found Xyipud's Self-Improvement Boutique.
 30581 | Snake:3  | Bought a manual of Stealth for 1120 gold pieces
 30601 | Snake:4  | Entered Level 4 of the Snake Pit
 31090 | Snake:4  | Gained Bogwald as an ally
 31261 | Snake:4  | Identified the ring of Ifoises {rElec rPois Dex+4 SInv}
 31276 | Snake:4  | Reached XP level 17. HP: 147/159 MP: 23/23
 31279 | Snake:4  | Reached skill level 15 in Armour
 31279 | Snake:4  | Reached skill level 5 in Stealth
 32107 | Snake:4  | Gained Learuk as an ally
 32509 | Snake:4  | Reached skill level 22 in Axes
 32653 | Snake:4  | Your ally Borgoth died
 32973 | Snake:4  | Got a serpentine rune of Zot
 33322 | D:9      | Bought a ring of flight for 245 gold pieces
 33494 | Shoals:1 | Entered Level 1 of the Shoals
 33617 | Shoals:1 | Reached skill level 15 in Shields
 33824 | Shoals:1 | Found a blossoming altar of Fedhas.
 34401 | Shoals:2 | Identified the +0 robe of Hokuqob {Int+2}
 35125 | Shoals:2 | Reached XP level 18. HP: 168/170 MP: 24/24
 35535 | Shoals:3 | Noticed Ilsuiw
 35558 | Shoals:3 | Killed Ilsuiw
 35842 | Shoals:3 | Gained Wargrak as an ally
 35847 | Shoals:3 | Noticed Polyphemus
 35862 | Shoals:3 | Killed Polyphemus
 35864 | Shoals:3 | Noticed Donald
 35865 | Shoals:3 | Noticed Aizul
 35867 | Shoals:3 | Your ally Wargrak died
 35880 | Shoals:3 | HP: 5/171 [merfolk siren/+0 spear (4)]
 35880 | Shoals:3 | Mangled by Donald

Illustrated notes

Levels and vault maps discovered:
D:1:      elethiomel_arrival_shortcut, layout_loops_ring, minmay_cut_off
D:2:      layout_basic, hellmonk_ecumenical_altar_crossroads
D:3:      layout_loops_ring, nrook_uturn, uniq_sigmund
D:4:      layout_cave_pools, minmay_temple_entry_statues, minmay_unequal
D:5:      layout_loops_corners, grunt_qazlal_clouds,
          gammafunk_temple_overflow_forgotten, mainiacjoe_overflow_paths,
          gammafunk_ghost_stat_death, serial_demonic, serial_demonic_g,
          serial_demonic_d, serial_demonic_f, serial_demonic_c,
          cheibrodos_sewer_entry_bend
D:6:      layout_layer_cave, mainiacjoe_overflow_surrounded_room, serial_undead,
          serial_undead_d, serial_undead_f, serial_undead_a, serial_undead_b,
          serial_undead_b, serial_undead_e, serial_undead_a,
          ebering_ghost_disaster_area, st_stairs_10, uniq_duvessa
D:7:      layout_basic, uniq_maggie
D:8:      layout_loops_cross, minmay_misc_feat_ornament, serial_park_tiny_2
D:9:      kennysheep_seaside_town, layout_cave_pools, hiddenorc1_lemuel,
          serial_shops, nicolae_stop_n_shop_1, nicolae_shop_scrapyard, shop,
          nicolae_shop_statue_plus, uniq_prince_ribbit1
D:10:     layout_roguey, enter_trove_2
D:11:     layout_cave_pods, minmay_lair_entry_grove, uniq_psyche, uniq_urug
D:12:     layout_layer_cave
D:13:     layout_roguey, david_vaults_2, uniq_erolcha
D:14:     layout_basic, serial_shops, nicolae_shop_tiny_waterfront,
          nicolae_ashenzari_panopticon, uniq_snorg, uniq_jorgrun
Temple:   nicolae_temple_bog_church
Lair:1:   layout_regular_city, basic_altar, serial_bayou_crossing
Lair:2:   layout_regular_city, guppyfry_snake_entry_island
Lair:3:   layout_loops_ring, nicolae_shoals_entry_roost
Lair:4:   layout_gridlike, minmay_slime_entry_oklob_enclosed, st_stairs_11,
          lemuel_fruit_tree, uniq_nessos
Lair:5:   hellmonk_lair_end_abyssal_woods, layout_cave_pods, lookout_lair_type,
          uniq_kirke
Shoals:1: layout_shoals, lemuel_altar_in_water
Shoals:2: layout_shoals
Shoals:3: cheibrodos_shoals_baths, layout_shoals, uniq_donald, uniq_ilsuiw,
          uniq_aizul, uniq_polyphemus
Snake:1:  layout_cave_pods
Snake:2:  nicolae_snake_shooting_gallery, layout_onion
Snake:3:  layout_concentric_octagons, st_stairs_9, grunt_ministairs_7,
          nicolae_shop_self_help
Snake:4:  snake_pit_salamanders_mu, layout_grid_shapes
Orc:1:    hellmonk_paralyzer, layout_diamond_mine, nicolae_orc_flooded_monolith
Orc:2:    hellmonk_orc_salted, layout_caves, nicolae_shop_clearance

Skill      XL: |  1  2  3  4  5  6  7  8  9 10 11 12 13 14 15 16 17 |
---------------+----------------------------------------------------+-----
Axes           | 3 5 6 8 9 12 13 15 17 18 19 20 21 22 | 22.7
Fighting       | 4 5 6 8 9 11 12 14 15 16 17 | 17.8
Dodging        | 1 2 3 4 5 |  5.6
Armour         | 4 5 6 7 9 11 12 13 14 15 | 15.9
Shields        | 4 5 6 7 9 10 11 12 14 15 | 15.9
Invocations    | 3 5 6 9 |  9.0
Stealth        | 1 2 3 4 5 |  5.8

Action                     |  1- 3 |  4- 6 |  7- 9 | 10-12 | 13-15 | 16-18 || total
---------------------------+-------+-------+-------+-------+-------+-------++-------
  Melee: War axe           |   109 |   117 |   365 |   390 |       |       ||   981
         Broad axe         |       |       |       |   241 |   626 |   612 ||  1479
 Invoke: Convert to Beogh  |       |     1 |       |       |       |       ||     1
         Give Item to Name |       |       |       |       |     3 |     3 ||     6
         Recall Orcish Fol |       |       |       |       |     3 |     1 ||     4
    Use: Potion            |       |     1 |     4 |     1 |     2 |     4 ||    12
         Scroll            |       |       |    14 |    15 |     6 |     1 ||    36
   Stab: Distracted        |       |       |       |     3 |     8 |     8 ||    19
         Confused          |       |       |       |     1 |     2 |       ||     3
         Paralysed         |       |       |       |       |     4 |       ||     4
         Petrifying        |       |       |       |       |       |     2 ||     2
         Petrified         |       |       |       |       |       |     1 ||     1
 Armour: Scale mail        |    63 |    62 |   122 |       |       |       ||   247
         Ring mail         |       |       |    82 |       |       |       ||    82
         Storm dragon scal |       |       |    44 |   309 |   245 |   119 ||   717
         Plate armour      |       |       |       |       |    37 |   132 ||   169
  Dodge: Dodged            |    66 |    71 |   214 |   177 |   186 |   151 ||   865
  Block: Buckler           |    35 |    25 |    89 |   264 |   301 |    14 ||   728
         Reflection        |       |       |       |    15 |    13 |    96 ||   124
         Kite shield       |       |       |       |       |       |   318 ||   318
         Tower shield      |       |       |       |       |       |   347 ||   347
